 Dungeon Crawl Stone Soup version 0.25.1-2-g60ff931df9 (webtiles) character file.

Game seed: 6461593142415793796

3428 lorenzova the Fighter (level 9, 0/90 HPs)
             Began as a Deep Dwarf Hunter on Sept 24, 2020.
             Slain by an orc warrior
             ... wielding a +0 trident
              (8 damage)
             ... on level 8 of the Dungeon.
             The game lasted 00:20:19 (6386 turns).

lorenzova the Fighter (Deep Dwarf Hunter)           Turns: 6386, Time: 00:20:19

Health: 0/90       AC: 15    Str: 19    XL:     9   Next: 76%
Magic:  6/6        EV:  9    Int: 12    God:
Gold:   214        SH:  0    Dex: 13    Spells: 8/8 levels left

rFire    . . .     SeeInvis .   J - +5 battleaxe (freeze)
rCold    . . .     Gourm    .   (shield currently unavailable)
rNeg     . . .     Faith    .   D - +0 plate armour
rPois    +         Spirit   .   (no helmet)
rElec    .         Reflect  .   (no cloak)
rCorr    .         Harm     .   t - +1 pair of gloves
MR       +....                  (no boots)
Stlth    ..........             (no amulet)
HPRegen  0.00/turn              A - ring of poison resistance
MPRegen  0.10/turn              (no ring)

@: non-regenerating
A: damage resistance, heal wounds, sense surroundings 2, no regeneration
a: Heal Wounds


You were on level 8 of the Dungeon.
You were not hungry.

You visited 1 branch of the dungeon, and saw 8 of its levels.

You collected 339 gold pieces.
You spent 125 gold pieces at shops.

Inventory:

Hand Weapons
 a - a +1 hand crossbow
 b - a +0 short sword
 q - a +4 quarterstaff of chaos
 B - a +4 scimitar of flaming
 E - a +0 flail of draining
 J - a +5 battleaxe of freezing (weapon)
Missiles
 d - 40 bolts
Armour
 c - a +0 leather armour
 j - a +0 chain mail
 t - a +1 pair of gloves (worn)
 y - a +1 ring mail of poison resistance
 C - the +5 scale mail "Adolawi" {Harm MR+ Dex-5 Stlth+}
   (You found it on level 5 of the Dungeon)

   It affects your dexterity (-5).
   It affects your resistance to hostile enchantments.
   It increases damage dealt and taken.
   It makes you more stealthy.
 D - a +0 plate armour (worn)
Jewellery
 A - a ring of poison resistance (left hand)
 G - an uncursed amulet of regeneration {unknown}
Wands
 p - a wand of polymorph (13)
Scrolls
 h - 2 scrolls of fog {unknown}
 i - 2 scrolls of remove curse
 k - 4 scrolls of teleportation
 m - 2 scrolls of random uselessness {unknown}
 o - 3 scrolls of blinking
 s - 3 scrolls of immolation {unknown}
 u - 2 scrolls of amnesia {unknown}
 z - 5 scrolls of enchant weapon
 F - a scroll of vulnerability {unknown}
 H - a scroll of enchant armour {unknown}
Potions
 e - 2 potions of flight
 g - 4 potions of curing
 l - a potion of invisibility {unknown}
 n - a potion of lignification {unknown}
 r - 2 potions of brilliance
 v - 2 potions of mutation
 w - 2 potions of haste {unknown}
 x - 2 potions of degeneration {unknown}
Comestibles
 f - 17 rations
 I - 3 chunks of flesh


   Skills:
 * Level 8.3 Fighting
 + Level 8.2 Crossbows
 + Level 6.6 Armour
 + Level 7.1 Dodging
 - Level 1.2 Stealth


You had 8 spell levels left.
You didn't know any spells.
Your spell library contained the following spells:

 Spells                   Type           Power        Failure   Level  Hunger
 Corona                   Hex            #......      100%        1    ##.....
 Ensorcelled Hibernation  Hex/Ice        #.....       100%        2    ###....
 Confusing Touch          Hex            #.......     100%        3    ####...
 Dazzling Flash           Conj/Hex       #.....       100%        3    ####...
 Tukima's Dance           Hex            #.......     100%        3    ####...


Dungeon Overview and Level Annotations

Branches:
Dungeon (8/15)             Temple (0/1) D:6
   Lair: D:8-11

Altars:
Ashenzari
Kikubaaqudgha
Ru

Shops:
D:5 :   D:6 [[}?(

Portals:
Abyss: D:7

Annotations:
D:7 2 transporters, Dicemaster's ghost, novice GnWr


Innate Abilities, Weirdness & Mutations

You are resistant to damage.
You can heal yourself by infusing magical energy.
You passively map the area around you.
You do not regenerate.


Message History

An orc warrior is nearby!
Unknown command.
An orc priest comes into view. It is wielding a +0 trident.
The orc warrior shouts!
The orc priest shouts!
The orc priest mumbles some strange prayers to Beogh against you.
Beogh smites you!
* * * LOW HITPOINT WARNING * * *
You hear a shout!
An orc comes into view.
An orc comes into view. It is wielding a +0 dagger.
The orc priest hits you but does no damage.
The orc warrior hits you with a +0 trident!
* * * LOW HITPOINT WARNING * * *
You hit the orc warrior but do no damage.
The orc priest barely misses you. The orc warrior closely misses you.
The orc priest hits you but does no damage.
You closely miss the orc warrior.
The orc priest hits you but does no damage.
The orc warrior hits you with a +0 trident!
You die...

#######*** #......
###...### * # * *
#####.......####....
, #....>......<....#
,
#.###.......####....
#.# ###...#####* #
#.# #@o..)..# * #.#
#..####...# #.# #o.#
.# #รท# #o.# *, #.#
#o.# #.# #..#
#########.#####..#
**
#.........#......# ,
, *.#####.#.#.####.#
, *


You could see an orc warrior, an orc priest and 2 orcs.

Vanquished Creatures
  Erica (D:8)
  Grinder (D:3)
  Sigmund (D:2)
  An orc warrior (D:7)
  5 ice beasts
  2 sky beasts
  2 ogres
  2 bullfrogs
  2 scorpions
  A water moccasin skeleton (D:3)
  5 wights (D:8)
  A howler monkey (D:6)
  4 electric eels (D:6)
  3 bullfrog skeletons
  6 hounds
  A jelly (D:6)
  An orc priest (D:3)
  An orc wizard (D:5)
  Crazy Yiuf (D:2)
  An iguana (D:4)
  6 worker ants
  2 hound skeletons
  16 adders
  A shadow imp (D:5)
  2 worms
  2 dart slugs (D:2)
  8 leopard geckos
  24 orcs
  4 giant cockroaches
  8 goblins
  7 hobgoblins
  13 jackals
  4 quokkas
  2 ball pythons
  5 bats
  6 frilled lizards
  A jackal skeleton (D:7)
  10 kobolds
  3 rats
  4 plants (D:6)
170 creatures vanquished.

Vanquished Creatures (collateral kills)
  A bat (D:3)
1 creature vanquished.

Vanquished Creatures (others)
  2 plants (D:6)
2 creatures vanquished.

Grand Total: 173 creatures vanquished

Notes
Turn   | Place    | Note
-------+----------+-------------------------------------------
     0 | D:1      | lorenzova the Deep Dwarf Hunter began the quest for the
                  | Orb.
     0 | D:1      | Reached XP level 1. HP: 19/19 MP: 1/1
    65 | D:1      | Found a shattered altar of Ashenzari.
   408 | D:1      | Reached XP level 2. HP: 26/26 MP: 2/2
   894 | D:2      | Reached skill level 1 in Armour
   894 | D:2      | Reached XP level 3. HP: 33/33 MP: 3/3
  1008 | D:2      | Noticed Sigmund
  1156 | D:2      | Reached XP level 4. HP: 31/40 MP: 4/4
  1244 | D:2      | Found a runed translucent door.
  1245 | D:2      | Noticed Crazy Yiuf
  1345 | D:2      | Killed Sigmund
  1345 | D:2      | Reached skill level 5 in Crossbows
  1345 | D:2      | Reached XP level 5. HP: 50/50 MP: 5/5
  1771 | D:2      | Killed Crazy Yiuf
  1864 | D:3      | Found an ancient bone altar of Kikubaaqudgha.
  1894 | D:3      | Reached XP level 6. HP: 38/57 MP: 6/6
  1895 | D:3      | Noticed Grinder
  1903 | D:3      | Paralysed by Grinder for 3 turns
  1911 | D:3      | Killed Grinder
  1931 | D:3      | Noticed an ice beast
  2078 | D:3      | Reached XP level 7. HP: 33/66 MP: 7/7
  2320 | D:3      | Reached skill level 5 in Fighting
  2870 | D:4      | Found a sacrificial altar of Ru.
  3131 | D:5      | Entered Level 5 of the Dungeon
  3138 | D:5      | Reached XP level 8. HP: 41/75 MP: 8/8
  3153 | D:5      | Reached skill level 5 in Dodging
  3163 | D:5      | Found Syodoafy's Book Emporium.
  3365 | D:5      | Got a scorched scale mail
  3376 | D:5      | Identified the +5 scale mail "Adolawi" {Harm MR+ Dex-5
                  | Stlth+} (You found it on level 5 of the Dungeon)
  3822 | D:6      | Found Athe's Gadget Shop.
  3840 | D:6      | Found Kisumaxkia's Magic Scroll Boutique.
  3849 | D:6      | Bought a scroll of teleportation for 30 gold pieces
  3849 | D:6      | Bought a scroll of identify for 20 gold pieces
  3849 | D:6      | Bought a scroll of blinking for 75 gold pieces
  3863 | D:6      | Found Cadorchiu's Antique Weapon Emporium.
  3881 | D:6      | Reached skill level 5 in Armour
  4089 | D:6      | Found Tagiblom's Antique Armour Shop.
  4137 | D:6      | Found a staircase to the Ecumenical Temple.
  4313 | D:6      | Found Rusat's Antique Armour Emporium.
  5224 | D:7      | Found a transporter.
  5230 | D:7      | Found a transporter.
  5230 | D:7      | Noticed Dicemaster's ghost (novice GnWr)
  5294 | D:7      | Gained mutation: You passively map the area around you.
                  | [Deep Dwarf growth]
  5294 | D:7      | Reached XP level 9. HP: 60/86 MP: 8/8
  5478 | D:7      | Identified the cursed +0 quarterstaff "Hemal" {distort,
                  | +Blink Dex+5}
  5500 | D:7      | Found a one-way gate to the infinite horrors of the Abyss.
  6131 | D:8      | Noticed Erica
  6155 | D:8      | Killed Erica
  6386 | D:8      | Slain by an orc warrior

Illustrated notes

Levels and vault maps discovered:
D:1:      shiori_arrival_oz, layout_loops_ring, nicolae_ashenzari_panopticon
D:2:      layout_basic, first_ration, uniq_sigmund, uniq_crazy_yiuf_cottage
D:3:      layout_loops_ring, nicolae_overflow_crystal_walls,
          minmay_starry_boxes, uniq_grinder
D:4:      layout_cave_pools, lemuel_doored_altar
D:5:      layout_loops_cross, serial_shops, nicolae_shop_statue_plus
D:6:      layout_basic, minmay_temple_entry_nine_rooms, serial_bayou,
          serial_bayou_pond_d, serial_bayou_pond_d, serial_bayou_ford_a,
          serial_bayou_lagoon_a, serial_bayou_shore_a, serial_shops,
          nicolae_shop_statue_plus, shop, nicolae_shop_crystal,
          nicolae_shop_overgrown_old_shop, shop, hangedman_decor_clover_reticule
D:7:      layout_loops_corners, gammafunk_ghost_abyssal_escape
D:8:      layout_loops_ring, serial_shops, shop, uniq_erica

Skill      XL: |  1  2  3  4  5  6  7  8  9 |
---------------+----------------------------+-----
Fighting       | 2 3 4 5 7 8 |  8.3
Armour         | 1 2 3 4 5 6 |  6.6
Crossbows      | 5 6 7 8 |  8.2
Dodging        | 3 4 6 7 |  7.1
Stealth        | |  1.2

Action                   |  1- 3 |  4- 6 |  7- 9 || total
-------------------------+-------+-------+-------++-------
Melee: Short sword       |       |    20 |       ||    20
       Quarterstaff      |       |    52 |   299 ||   351
       Scimitar          |       |       |    11 ||    11
       Battleaxe         |       |       |     3 ||     3
 Fire: Hand crossbow     |    71 |    34 |    95 ||   200
 Abil: Heal Wounds       |       |     1 |    11 ||    12
  Use: Scroll            |       |       |     7 ||     7
 Stab: Sleeping          |       |       |     1 ||     1
       Paralysed         |       |       |     1 ||     1
  Eat: Chunk             |     1 |     3 |    14 ||    18
Armor: Leather armour    |     1 |       |       ||     1
       Chain mail        |    25 |    53 |    65 ||   143
       Skin              |       |     8 |       ||     8
       Ring mail         |       |       |    21 ||    21
       Plate armour      |       |       |    88 ||    88
Dodge: Dodged            |    18 |    56 |   149 ||   223
